 Dungeon Crawl Stone Soup version bcrawl-1.35.4c (webtiles) character file.

Game seed: 16610949940757393983

341679 HammerPanzer the Bludgeoner (level 10, -1/77 HPs)
             Began as a Minotaur Berserker on Feb 5, 2022.
             Was an Elder of Trog.
             Killed from afar by an electric eel (9 damage)
             ... with a bolt of electricity
             ... on level 8 of the Dungeon.
             The game lasted 00:14:30 (7088 turns).

HammerPanzer the Bludgeoner (Minotaur Berserker)    Turns: 7088, Time: 00:14:31

Health: -1/77      AC: 10    Str: 25    XL:     10   Next: 23%
Magic:  9/9        EV:  8    Int:  5    God:    Trog [****..]
Gold:   396        SH:  0    Dex:  9    Spells: 9/9 levels left

rFire    . . .     SeeInvis .   z - +2 mace (crush)
rCold    . . .     Gourm    .   (no shield)
rNeg     . . .     Faith    .   c - +0 chain mail
rPois    .         Spirit   .   (helmet restricted)
rElec    .         Reflect  .   l - +1 cloak
rCorr    .                      (no gloves)
MR       +....                  (no boots)
Stlth    ..........             B - amulet of regeneration
HPRegen  0.49/turn              h - ring of protection from magic
MPRegen  0.11/turn              (no ring)

@: berserk cooldown, slowed, very slow
A: retaliatory headbutt, horns 2
a: Berserk, Trog's Hand, Brothers in Arms, Renounce Religion


You were on level 8 of the Dungeon.
You worshipped Trog.
Trog was greatly pleased with you.
You were hungry.

You visited 1 branch of the dungeon, and saw 8 of its levels.

You collected 396 gold pieces.

Inventory:

Hand Weapons
 j - a +2 mace of venom
 w - a +0 flail
 z - a +2 mace of crushing (weapon)
Missiles
 a - 289 poisoned needles (quivered)
 n - 414 poisoned tomahawks
Armour
 c - a +0 chain mail (worn)
 l - a +1 cloak (worn)
 A - a +0 leather armour of positive energy
 C - a +0 troll leather armour
Jewellery
 h - a ring of protection from magic (left hand)
 t - an uncursed amulet of the gourmand {unknown}
 B - an amulet of regeneration (around neck)
Wands
 k - a wand of iceblast (5)
 s - a wand of paralysis (9)
 u - a wand of random effects (11)
 y - a wand of polymorph (13)
 E - a wand of enslavement (6)
Scrolls
 b - a scroll of blinking
 d - 5 scrolls of remove curse
 f - 4 scrolls of teleportation
 v - a scroll of fog
 D - a scroll of enchant armour
Potions
 i - a potion of mutation {unknown}
 m - a potion of might {unknown}
 o - a potion of flight {unknown}
 p - a potion of berserk rage {unknown}
 q - a potion of curing
 r - a potion of invisibility {unknown}
 x - a potion of heal wounds {unknown}
Comestibles
 e - 10 rations {!d}
 g - 15 chunks of flesh


   Skills:
 - Level 3.6 Fighting
 * Level 16.9 Maces & Flails
 - Level 2.4 Armour
 - Level 2.1 Dodging


You had 9 spell levels left.
You didn't know any spells.
Your spell library was empty.

Dungeon Overview and Level Annotations

Branches:
Dungeon (8/12)             Temple (0/1) D:5
   Lair: D:7-9          Orc: D:8-11

Altars:
Gozag
Lugonu
Okawaru
Trog
Uskayaw
The Shining One

Shops:
D:5 *   D:7 !


Innate Abilities, Weirdness & Mutations

You reflexively headbutt those who attack you in melee.
You have a pair of horns on your head.


Message History

You hear a grinding noise.
As you read the scroll of teleportation, it crumbles to dust.
You feel strangely unstable.
The crimson imp zaps a wand.
The puff of flame hits you. The crimson imp closely misses you.
Your surroundings suddenly seem different.
Splash!
You fall into the shallow water.
Moving in this stuff is going to be slow.
The electric eel shoots out a bolt of lightning at you!
The bolt of electricity hits you!
* * * LOW HITPOINT WARNING * * *
The electric eel shoots out a bolt of lightning at you!
The bolt of electricity hits you.
* * * LOW HITPOINT WARNING * * *
The electric eel shoots out a bolt of lightning at you!
The bolt of electricity hits you!
* * * LOW HITPOINT WARNING * * *
The electric eel shoots out a bolt of lightning at you!
The bolt of electricity hits you!
You die...

#...;≈≈....≈≈≈...##.#
##...;≈≈≈.≈≈.≈≈...##.#
#...≈≈≈≈≈.≈≈≈.....##.#
#...≈≈≈≈≈.≈≈≈≈....##.#
#...≈≈≈.≈.≈≈≈≈≈...##.#
#....≈≈.≈.≈≈≈.≈...##.#
#.....≈...≈≈..≈≈..##.#
#.........).......##.###
#......@..........##....
####.....######.#.##....
#............#....#..
#.....#############.#
#...................#
###.##.##############
#.##.#<............
#..#.#..#########.#
##.#.#............#


You could see an electric eel.

Vanquished Creatures
  A two-headed ogre (D:8)
  An ugly thing (D:7)
  A kobold demonologist (D:8)
  2 trolls
  A hippogriff (D:7)
  Sigmund (D:3)
  2 orc warriors
  A sky beast (D:6)
  An ice beast (D:7)
  An ogre (D:4)
  3 wolves (D:8)
  3 centaurs
  A big kobold (D:7)
  3 bullfrogs
  Blork the orc (D:4)
  A gnoll sergeant (D:7)
  2 scorpions (D:7)
  3 orc priests
  4 howler monkeys
  5 crimson imps
  6 hounds
  3 jellies (D:7)
  Natasha (D:3)
  4 orc wizards (D:6)
  5 worker ants
  5 gnolls (D:7)
  7 adders
  A howler monkey skeleton (D:5)
  4 shadow imps
  An ooze (D:7)
  4 adder skeletons
  3 adder zombies
  7 leopard geckos
  21 orcs
  3 bats
  3 giant cockroaches
  8 goblins
  7 hobgoblins
  7 jackals
  17 kobolds
  4 quokkas
  A frilled lizard (D:3)
  A quokka zombie (D:6)
  8 rats
169 creatures vanquished.

Vanquished Creatures (others)
  An orc wizard (D:7)
1 creature vanquished.

Grand Total: 170 creatures vanquished

Notes
Turn   | Place    | Note
-------+----------+-------------------------------------------
     0 | D:1      | HammerPanzer the Minotaur Berserker began the quest for the
                  | Orb.
     0 | D:1      | Reached XP level 1. HP: 19/19 MP: 0/0
    51 | D:1      | Reached skill level 4 in Maces & Flails
   107 | D:1      | Reached XP level 2. HP: 26/26 MP: 1/1
   605 | D:1      | Reached skill level 5 in Maces & Flails
   798 | D:2      | Reached ** piety under Trog
   799 | D:2      | Reached XP level 3. HP: 28/31 MP: 2/2
  1628 | D:3      | Noticed Sigmund
  1636 | D:3      | Killed Sigmund
  1637 | D:3      | Reached skill level 7 in Maces & Flails
  1637 | D:3      | Reached XP level 4. HP: 39/39 MP: 3/3
  1637 | D:3      | Reached XP level 5. HP: 45/45 MP: 4/4
  1710 | D:3      | Reached skill level 8 in Maces & Flails
  1825 | D:3      | Reached XP level 6. HP: 33/51 MP: 5/5
  1963 | D:3      | Found an iron altar of Okawaru.
  1977 | D:3      | Found an opulent altar of Gozag.
  2245 | D:3      | Reached *** piety under Trog
  2488 | D:3      | Noticed Natasha
  2496 | D:3      | Killed Natasha
  2766 | D:4      | Reached skill level 9 in Maces & Flails
  2986 | D:4      | Noticed Blork the orc
  2993 | D:4      | Killed Blork the orc
  2994 | D:4      | Reached XP level 7. HP: 57/57 MP: 6/6
  3278 | D:5      | Entered Level 5 of the Dungeon
  3386 | D:5      | Found Yneleg's General Store.
  3596 | D:5      | Reached skill level 10 in Maces & Flails
  3952 | D:5      | Found a bloodstained altar of Trog.
  4017 | D:5      | Found a staircase to the Ecumenical Temple.
  4484 | D:6      | Found a hide-covered altar of Uskayaw.
  4489 | D:6      | Reached skill level 11 in Maces & Flails
  4915 | D:6      | Reached XP level 8. HP: 64/64 MP: 7/7
  5065 | D:6      | Reached **** piety under Trog
  5276 | D:6      | Reached skill level 12 in Maces & Flails
  5634 | D:7      | Found a corrupted altar of Lugonu.
  5803 | D:7      | Noticed a hippogriff
  5819 | D:7      | Killed a hippogriff
  5820 | D:7      | Reached skill level 13 in Maces & Flails
  5855 | D:7      | Found Agoepe's Distillery.
  6025 | D:7      | Reached XP level 9. HP: 68/70 MP: 8/8
  6068 | D:7      | Found a glowing golden altar of the Shining One.
  6198 | D:7      | Reached skill level 14 in Maces & Flails
  6199 | D:7      | Noticed a troll
  6211 | D:7      | Killed a troll
  6322 | D:7      | Noticed a red ugly thing
  6338 | D:7      | Killed a red ugly thing
  6339 | D:7      | Reached skill level 15 in Maces & Flails
  6702 | D:8      | Noticed a troll
  6717 | D:8      | Killed a troll
  6895 | D:8      | Reached skill level 16 in Maces & Flails
  7037 | D:8      | Noticed a two-headed ogre
  7038 | D:8      | Noticed a kobold demonologist
  7051 | D:8      | Killed a kobold demonologist
  7052 | D:8      | Reached XP level 10. HP: 77/77 MP: 9/9
  7056 | D:8      | Killed a two-headed ogre
  7088 | D:8      | Killed from afar by an electric eel

Skill      XL: |  1  2  3  4  5  6  7  8  9 |
---------------+----------------------------+-----
Maces & Flails | 4 5 7 8 9 11 13 16 | 16.9
Fighting       | |  3.6
Armour         | |  2.4
Dodging        | |  2.1

Action                   |  1- 3 |  4- 6 |  7- 9 | 10-12 || total
-------------------------+-------+-------+-------+-------++-------
Melee: Mace              |    83 |    43 |   233 |    23 ||   382
       Headbutt          |    14 |     5 |    48 |     1 ||    68
       Flail             |       |       |    69 |       ||    69
Invok: Berserk           |     1 |     4 |     4 |       ||     9
  Use: Scroll            |     7 |     1 |     5 |     2 ||    15
       Potion            |       |       |       |     1 ||     1
  Eat: Chunk             |     4 |     9 |    23 |       ||    36
Armor: Animal skin       |    11 |       |       |       ||    11
       Scale mail        |    14 |       |       |       ||    14
       Chain mail        |     1 |    11 |   128 |     9 ||   149
Dodge: Dodged            |    44 |    12 |    72 |    10 ||   138
